Map: Void Launch

Players

Yuriprime

  • Race: Zerg Zerg
  • Spawn Location: 6:00

LilArrin

  • Race: Terran Terran
  • Spawn Location: 6:00

VOD

Have the link to the VOD?

Description

Time

  • Played on: Sept. 23, 2017, 12:07 a.m.
  • Length: 24:19
Show
View Real Time Build Order
Export as new Build Order

Yuriprime Zerg 

Build Orders:  

Get SALT Encoding   

  12  0:05  Drone  
  13  0:20  Drone  
  13  0:29  Drone, Extractor  
  14  0:30  Extractor  
  14  0:31  Drone  
  16  1:08  Hatchery  
  15  1:13  Overlord  
  15  1:38  Drone x3  
  15  1:39  Drone  
  19  1:46  Drone  
  20  2:02  Spawning Pool  
  20  2:05  Extractor  
  20  2:07  Drone  
  19  2:13  Drone  
  20  2:20  Drone  
  20  2:23  Drone  
  22  2:36  Queen  
  24  2:43  Extractor  
  24  2:44  Drone  
  24  2:49  Drone  
  25  2:52  Drone  
  26  3:00  Overlord  
  26  3:09  Drone x2  
  28  3:22  Overlord  
  28  3:30  Drone  
  28  3:33  Drone  
  30  3:43  Drone  
  30  3:46  Drone  
  32  3:56  Evolution Chamber, Drone  
  32  4:24  Overlord x2, Drone  
  32  4:25  Drone x3  
  36  4:33  Hatchery  
  35  4:41  Drone  
  35  4:42  Drone x2  
  38  4:51  Extractor  
  38  4:53  Extractor  
  38  4:56  Lair  
  31  5:00  Drone  
  36  5:06  Heroic Fortitude  
  37  5:30  Zerg Melee Weapons Level 1, Metabolic Boost  
  37  5:32  Drone x4  
  37  5:33  Drone x2  
  37  5:34  Drone x2  
  45  5:45  Queen  
  47  5:58  Evolution Chamber  
  47  5:59  Hive  
  46  6:09  Drone x2  
  48  6:10  Drone  
  49  6:21  Nydus Network  
  48  6:47  Zergling x2  
  48  6:48  Zergling x20  
  59  6:59  Nydus Network  
  58  7:03  Adrenal Overload  
  58  7:09  Ability Efficiency  
  58  7:22  Zergling x2  
  58  7:27  Shredding Claws  
  59  7:49  Omega Worm  
  59  8:03  Hardened Carapace  
  59  8:04  Chain Reaction  
  59  8:05  Zergling x2  
  59  8:06  Zergling x12  
  66  8:40  Zerg Melee Weapons Level 2  
  66  8:42  Overlord  
  66  8:43  Overlord x5  
  66  8:44  Zergling x12  
  66  8:45  Zerg Ground Armor Level 1, Zergling x15  
  66  8:46  Zergling x3  
  66  8:47  Zergling x14  
  66  8:48  Zergling x9  
  66  8:49  Zergling x15  
  66  8:50  Zergling x15  
  66  8:51  Zergling x11  
  66  8:52  Zergling x3  
  66  8:53  Zergling x5  
  66  8:54  Zergling  
  66  8:55  Zergling x12  
  66  8:56  Zergling x16  
  66  8:57  Zergling x7  
  66  8:58  Zergling x13  
  66  8:59  Zergling  
  66  9:00  Zergling  
  66  9:01  Zergling x7  
  66  9:03  Omega Worm  
  66  9:09  Zergling x2  
  67  9:10  Zergling x30  
  82  9:24  Zergling x12  
  82  9:25  Zergling x15  
  82  9:26  Zergling x7  
  82  9:27  Zergling x17  
  82  9:28  Zergling x3  
  82  9:32  Zergling x2  
  82  9:33  Zergling x24  
  82  9:35  Zergling  
  95  9:48  Zergling  
  95  9:49  Zergling x21  
  98  9:50  Zergling x15  
  98  9:51  Zergling x20  
  98  9:52  Zergling x10  
  98  9:53  Zergling x19  
  98  9:54  Zergling x14  
  98  9:55  Zergling x10  
  98  9:56  Zergling x17  
  98  9:57  Zergling x17  
  98  9:58  Zergling x10  
  98  9:59  Zergling x27  
  98  10:00  Zergling x19  
  98  10:01  Zergling x23  
  98  10:02  Zergling x20  
  98  10:03  Zergling x10  
  98  10:04  Zergling x12  
  98  10:05  Zergling x11  
  98  10:06  Zergling x29  
  98  10:07  Zergling x4  
  98  10:08  Zergling x12  
  98  10:09  Zergling x4  
  97  10:10  Omega Worm, Zergling x13  
  97  10:11  Zergling x5  
  97  10:12  Zergling x10  
  97  10:13  Zergling x11  
  97  10:14  Zergling x6  
  97  10:15  Zergling x3  
  92  10:31  Zergling  
  92  10:32  Zergling x7  
  92  10:47  Zergling x5  
  92  10:48  Zergling x8  
  92  10:52  Zergling x2  
  92  10:53  Zergling x2  
  92  11:08  Hydralisk Den  
  92  11:09  Zerg Ground Armor Level 2, Zerg Missile Weapons Level 1  
  87  11:33  Omega Worm  
  87  12:02  Overlord x2  
  87  12:03  Overlord x4  
  87  12:07  Muscular Augments  
  87  12:11  Drone x3  
  87  12:12  Drone x3  
  87  12:17  Nydus Network  
  92  12:20  Nydus Network  
  92  12:22  Overlord x5  
  92  12:23  Overlord  
  91  12:31  Ancillary Carapace  
  93  12:45  Hydralisk  
  93  12:46  Hydralisk x7  
  93  12:47  Hydralisk x3  
  113  12:51  Omega Worm  
  113  13:07  Frenzy  
  129  13:21  Hydralisk  
  129  13:22  Hydralisk x7  
  129  13:35  Omega Worm  
  129  13:42  Zergling  
  129  13:44  Zergling x8  
  129  14:00  Omega Worm  
  129  14:02  Omega Worm  
  128  14:24  Omega Worm  
  134  14:35  Hydralisk x3  
  134  14:36  Hydralisk x18  
  170  14:51  Omega Worm  
  170  14:57  Zerg Missile Weapons Level 2  
  170  14:58  Zerg Ground Armor Level 3  
  180  15:11  Hydralisk x4  
  180  15:12  Hydralisk  
  184  15:40  Overlord x5  
  184  15:43  Hydralisk  
  184  15:44  Hydralisk  
  184  15:48  Zergling x8  
  184  15:58  Zergling x19  
  184  15:59  Zergling x5  
  184  16:00  Zergling x2  
  184  16:36  Zergling x5  
  184  16:37  Zergling x3  
  184  16:38  Zergling x4  
  184  16:39  Zergling x8  
  184  16:40  Zergling x15  
  184  16:41  Zergling x14  
  184  16:42  Zergling x6  
  184  16:43  Zergling x10  
  184  16:44  Zergling x16  
  184  16:45  Zergling x10  
  184  16:46  Zergling x11  
  184  16:47  Zergling x7  
  184  16:48  Zergling x6  
  184  16:49  Zergling x6  
  184  16:50  Zergling x3  
  191  17:22  Hydralisk  
  191  17:23  Hydralisk x7  
  191  17:24  Hydralisk x12  
  195  17:44  Hydralisk  
  195  17:45  Hydralisk x3  
  193  18:31  Zerg Missile Weapons Level 3  
  193  18:47  Hydralisk  
  193  18:48  Hydralisk x2  
  199  18:57  Zergling  
  199  19:00  Zergling  
  200  19:33  Hydralisk  
  200  20:32  Omega Worm  
  194  22:46  Hydralisk  
  194  22:47  Hydralisk x3  
  200  23:45  Hydralisk  
Show
View Real Time Build Order
Export as new Build Order

LilArrin Terran 

Build Orders:  

Get SALT Encoding   

  12  0:03  SCV  
  13  0:20  SCV  
  14  0:32  Supply Depot  
  14  0:37  SCV  
  15  0:54  SCV  
  16  1:11  SCV  
  17  1:26  Command Center  
  17  1:30  SCV  
  18  1:47  SCV  
  19  1:51  Barracks  
  19  2:04  SCV  
  20  2:24  Orbital Command  
  20  2:48  Command Center  
  20  3:00  SCV  
  20  3:07  Orbital Command  
  20  3:09  Marine  
  21  3:17  Refinery  
  21  3:18  SCV  
  23  3:26  Refinery  
  23  3:35  SCV  
  24  3:49  SCV  
  25  3:57  Barracks  
  25  3:59  Barracks  
  24  4:19  SCV x2  
  26  4:26  Orbital Command  
  26  4:27  Barracks Tech Lab  
  26  4:32  Combat Shields  
  26  4:33  Barracks Reactor  
  26  4:38  Barracks Reactor  
  26  4:39  Engineering Bay  
  27  4:46  Orbital Command  
  26  4:52  SCV  
  27  5:05  Supply Depot  
  27  5:17  SCV x2  
  27  5:18  Marine  
  29  5:20  Supply Depot  
  29  5:21  Marine x2  
  29  5:23  Supply Depot  
  29  5:25  SCV  
  29  5:28  Marine  
  33  5:31  Marine x3  
  33  5:32  Marine  
  33  5:33  Terran Infantry Weapons Level 1  
  33  5:34  SCV x2  
  40  5:51  SCV  
  40  5:53  Marine x2  
  40  5:54  Marine x3  
  46  6:03  Marine  
  46  6:04  Medic, Marine x3  
  52  6:13  Marine  
  52  6:14  Medic, Marine x2  
  52  6:15  SCV x2  
  59  6:21  Marine  
  59  6:22  Stabilizer Medpacks  
  59  6:24  Marine  
  59  6:26  SCV  
  59  6:29  Marine  
  62  6:32  SCV  
  62  6:34  SCV  
  62  6:37  Marine  
  62  6:38  Marine  
  62  6:39  Supply Depot  
  64  6:44  Medic  
  64  6:47  Marine  
  64  6:48  Marine  
  67  6:52  Marine x2  
  67  6:57  SCV x2  
  67  6:59  SCV  
  71  7:07  Marine x3  
  71  7:08  Marine  
  69  7:12  Marine  
  69  7:14  SCV  
  69  7:17  Marine  
  74  7:21  Supply Depot  
  74  7:22  Medic  
  74  7:23  Concussive Shells  
  74  7:25  Marine x2  
  74  7:29  Marine x2  
  79  7:35  Marine x2  
  79  7:36  Marine  
  79  7:39  Marine  
  83  7:42  Marine  
  83  7:45  Medic, Marine  
  83  7:46  Marine  
  83  7:49  Marine  
  85  7:52  Marine  
  85  7:55  Marine  
  85  7:58  Barracks  
  85  7:59  Marine x3  
  86  8:04  Marine  
  86  8:05  Medic  
  86  8:09  Marine  
  91  8:12  Marine x2  
  91  8:17  Marine  
  93  8:27  Marine  
  93  8:28  Marine  
  92  8:36  Barracks Tech Lab  
  93  8:46  Medic, Marine x4, Supply Depot  
  93  8:49  Supply Depot  
  99  8:50  Supply Depot  
  99  8:57  Marine x5  
  104  9:04  Terran Infantry Armor Level 1  
  104  9:07  Marine x5  
  104  9:10  Marine  
  104  9:17  Medic, Marine x4  
  110  9:20  Medic  
  110  9:23  Supply Depot  
  110  9:26  Supply Depot  
  110  9:27  Marine x3  
  110  9:28  Marauder  
  115  9:30  Medic  
  115  9:31  Marine  
  115  9:37  Marine  
  123  9:40  Marine x3  
  123  9:46  Marine  
  123  9:47  Marine  
  123  9:48  Marine  
  128  9:51  Marauder  
  128  9:53  Marine  
  128  9:57  Marine  
  133  10:02  Marine  
  133  10:05  Marine  
  133  10:14  Supply Depot  
  133  10:15  Marauder  
  133  10:17  Supply Depot  
  133  10:19  Marine x2  
  133  10:25  Marine x3  
  133  10:27  Marine  
  137  10:33  Marine x2  
  137  10:35  Marine  
  137  10:36  Medic  
  143  10:41  Marine  
  144  11:02  Command Center  
  144  11:04  Command Center  
  144  11:05  Command Center  
  144  11:06  Engineering Bay  
  144  11:11  Factory  
  144  11:24  Medic x2  
  144  11:25  Marine  
  149  11:53  Marine  
  149  11:55  Medic  
  149  11:56  Medic  
  149  12:02  Marine  
  149  12:05  Medic  
  149  12:09  Neosteel Frame  
  148  12:40  Medic  
  148  12:44  Factory Tech Lab  
  150  12:51  Orbital Command x3  
  150  12:52  Armory, Starport  
  150  12:58  Supply Depot  
  150  13:00  Building Armor  
  150  13:12  Missile Turret x3  
  150  13:25  Refinery  
  150  13:26  Refinery  
  150  13:28  SCV  
  150  13:29  SCV x3  
  154  13:30  SCV  
  154  13:38  Missile Turret  
  155  13:40  Missile Turret  
  155  13:43  Missile Turret  
  155  13:49  Starport, Factory Reactor  
  155  14:08  Missile Turret  
  155  14:11  Missile Turret  
  155  14:13  Missile Turret  
  155  14:15  Phobos Weapons System  
  155  14:16  Missile Turret x2  
  155  14:17  Terran Infantry Armor Level 2, Terran Infantry Weapons Level 2, Missile Turret  
  155  14:20  Terran Vehicle and Ship Weapons Level 1  
  154  14:41  Missile Turret  
  154  14:43  Missile Turret  
  154  14:44  Missile Turret  
  154  14:45  Missile Turret  
  154  14:48  Missile Turret  
  154  14:49  Missile Turret  
  154  15:11  Missile Turret  
  154  15:12  Missile Turret  
  154  15:13  Missile Turret  
  154  15:14  Missile Turret  
  154  15:15  Ripwave Missiles  
  154  15:19  Missile Turret  
  154  15:21  Missile Turret  
  154  15:41  Missile Turret, Viking x3  
  154  15:43  Missile Turret  
  154  15:45  Missile Turret  
  154  15:49  Missile Turret x2  
  160  15:51  Missile Turret  
  160  15:59  Viking  
  160  16:00  Viking x2  
  160  16:09  Missile Turret  
  166  16:11  Missile Turret  
  166  16:14  Missile Turret  
  166  16:18  Missile Turret  
  166  16:20  Missile Turret  
  166  16:36  Viking x3  
  172  16:42  Marine x2  
  172  16:43  Marine x4, Missile Turret  
  172  16:46  Missile Turret  
  172  16:49  Missile Turret  
  178  16:52  Missile Turret  
  178  16:54  Viking, Missile Turret  
  178  16:55  Viking  
  182  17:00  Missile Turret  
  182  17:14  Missile Turret  
  182  17:24  Missile Turret  
  182  17:26  Missile Turret x2  
  182  17:27  Missile Turret  
  182  17:30  Missile Turret  
  182  17:46  Viking x3  
  182  17:49  Missile Turret  
  188  17:51  Terran Infantry Weapons Level 3  
  188  17:52  Terran Infantry Armor Level 3  
  188  17:53  Marine x2  
  188  17:54  Marine  
  191  18:03  Terran Vehicle and Ship Weapons Level 2  
  191  18:05  Viking  
  193  18:28  Missile Turret  
  193  18:55  Missile Turret  
  191  19:19  Viking  
  191  19:20  Viking x2  
  191  19:22  Missile Turret  
  197  19:49  Missile Turret  
  197  20:09  Viking  
  197  20:10  Marine  
  200  20:20  Missile Turret  
  200  20:23  Missile Turret  
  200  20:26  Missile Turret  
  200  20:34  Missile Turret  
  200  20:40  Missile Turret  
  200  20:46  Missile Turret  
  200  20:48  Missile Turret  
  200  20:53  Missile Turret  
  200  20:55  Missile Turret  
  199  21:05  Missile Turret  
  199  21:09  Marine  
  199  21:10  Missile Turret  
  199  21:17  Missile Turret  
  200  21:20  Missile Turret  
  200  21:21  Missile Turret  
  200  21:23  Missile Turret  
  200  21:45  Advanced Optics  
  190  22:13  Viking x3  
  190  22:17  Marine  
  190  22:18  Marine  
  190  22:19  Marine x4  
  193  22:28  Marine  
  200  22:54  Marine  
  199  23:17  Marine  
  199  23:18  Marine x4  
  200  23:34  Marine  
  200  23:35  Marine  
Tags
 
Matchup
Co-op
Replay Pack
Co-op Speedrun
Add a new tag
Caveats
  • Supply blocks, unpowered buildings, or Contaminate may cause inaccurate times.
  • Supply counts are checked every 10 seconds.